 Dungeon Crawl Stone Soup version 0.29-a0-121-g8efb068a30 (webtiles) character file.

Game seed: 11483263968380553092

54 Gargoyl the Skirmisher (level 3, -3/24 HPs)
             Began as a Gargoyle Abyssal Knight on Feb 20, 2022.
             Was a Follower of Lugonu.
             Slain by Crazy Yiuf (10 damage)
             ... on level 2 of the Dungeon.
             The game lasted 00:01:55 (2020 turns).

Gargoyl the Skirmisher (Gargoyle Abyssal Knight)    Turns: 2020, Time: 00:01:55

Health: -3/24      AC:  8    Str: 18    XL:     3   Next: 91%
Magic:  1/4        EV:  8    Int: 10    God:    Lugonu [*.....]
Gold:   84         SH:  6    Dex: 10    Spells: 2/2 levels left

rFire   . . .      SeeInvis .   a - +1 hand axe
rCold   . . .      Faith    .   g - +0 kite shield
rNeg    + . .      Spirit   .   c - +0 ring mail
rPois   ∞          Reflect  .   (no helmet)
rElec   +          Harm     .   (no cloak)
rCorr   .          Rampage  .   (no gloves)
Will    .....                   (no boots)
Stlth   ..........              (no amulet)
HPRegen 0.08/turn               (no ring)
MPRegen 0.09/turn               (no ring)

@: no status effects
A: sickness immunity, AC +3, negative energy resistance 1, electricity
resistance, torment resistance 1, petrification resistance
a: Renounce Religion, Depart the Abyss


You were on level 2 of the Dungeon.
You worshipped Lugonu.
Lugonu was aware of your devotion.
You visited 1 branch of the dungeon, and saw 2 of its levels.
You visited the Abyss 1 time.

You collected 84 gold pieces.

Inventory:

Hand Weapons
 a - a +1 hand axe (weapon)
Armour
 c - a +0 ring mail (worn)
 g - a +0 kite shield (worn)
Scrolls
 e - a scroll of magic mapping
 f - 3 scrolls of holy word {unknown}
 h - 2 scrolls of teleportation {unknown}
Potions
 d - a potion of heal wounds
 i - a potion of lignification {unknown}


   Skills:
 + Level 3.8 Fighting
 + Level 2.2 Axes
 + Level 3.2 Armour
 + Level 1.3 Dodging
 + Level 2.0 Invocations


You had 2 spell levels left.
You didn't know any spells.
Your spell library contained the following spells:

 Spells                   Type           Power      Damage    Failure   Level
 Slow                     Hex            0%         N/A       94%         1
 Confusing Touch          Hex            0%         N/A       100%        3
 Vampiric Draining        Necr           0%         2d6       100%        3


Dungeon Overview and Level Annotations

Branches:
Dungeon (2/15)

Altars:

Annotations:
D:2 Crazy Yiuf, Natasha


Innate Abilities, Weirdness & Mutations

You are immune to sickness and miasma.
Your stone body is resilient. (AC +3)
You are immune to poison.
You resist negative energy. (rN+)
You are resistant to electric shocks. (rElec)
You are resistant to unholy torment.
You are immune to petrification.


Message History

You hit Crazy Yiuf.
Crazy Yiuf is lightly wounded.
Crazy Yiuf hits you with a +2 quarterstaff of chaos.
You feel very mighty all of a sudden.
Crazy Yiuf whimpers, "Gnoll sallow meccalolo!"
Crazy Yiuf hits you with a +2 quarterstaff of chaos.
You closely miss Crazy Yiuf.
Crazy Yiuf is lightly wounded.
Crazy Yiuf glowers.
Crazy Yiuf barely misses you.
You completely miss Crazy Yiuf.
Crazy Yiuf is lightly wounded.
Crazy Yiuf hits you with a +2 quarterstaff of chaos.
Crazy Yiuf freezes you.
You barely miss Crazy Yiuf.
Crazy Yiuf is lightly wounded.
Crazy Yiuf cries, "Papa!"
Crazy Yiuf barely misses you.
Natasha growls.
Crazy Yiuf whimpers, "Tonal!"
Crazy Yiuf barely misses you.
It was a potion of cancellation.
Your magical effects are unravelling.
You feel magically purged.
You feel a little less mighty now. You block Crazy Yiuf's attack.
You hit Crazy Yiuf.
Crazy Yiuf is moderately wounded.
You block Crazy Yiuf's attack.
You hit Crazy Yiuf.
Crazy Yiuf is moderately wounded.
Crazy Yiuf barely misses you.
Crazy Yiuf hits you with a +2 quarterstaff of chaos!
* * * LOW HITPOINT WARNING * * *
You feel your power leaking away.
You hit Crazy Yiuf but do no damage.
Crazy Yiuf is moderately wounded.
Natasha mumbles some strange words.
Crazy Yiuf hits you with a +2 quarterstaff of chaos!
You die...

..# #....#
#.#
.###########
#....# #.#
...........#
♣....♣ #.#
############
♣...♣♣ #.#
♣♣.♣♣ #.# #
♣.♣♣ #.# #
♣♣.♣ #.# #
♣.♣♣ #.# #
♣♣@♣ #.# #
*#g#* ### #
*.h.* #
#5..# #
#..)# #####
# #####
#...# ##
###.# .# ###
###.#.# .#
#.# #.#.#.#


You could see Crazy Yiuf, Natasha and a white imp (summoned).

Vanquished Creatures
  2 adders (D:2)
  A dart slug (D:1)
  2 endoplasms
  3 giant cockroaches
  4 goblins (D:1)
  A hobgoblin (D:1)
  2 quokkas (D:1)
  3 ball pythons
  6 bats
  3 frilled lizards
  3 kobolds (D:1)
  3 rats (D:1)
33 creatures vanquished.

Notes
Turn   | Place    | Note
-------+----------+-------------------------------------------
     0 | Abyss:1  | Gargoyl the Gargoyle Abyssal Knight began the quest for the
                  | Orb.
     0 | Abyss:1  | Reached XP level 1. HP: 14/14 MP: 2/2
     4 | D:1      | Escaped the Abyss
    72 | D:1      | Reached * piety under Lugonu
   204 | D:1      | Reached XP level 2. HP: 16/19 MP: 3/3
   258 | D:1      | Found a faded altar of an unknown god.
   758 | D:1      | Reached XP level 3. HP: 22/24 MP: 4/4
  1052 | D:2      | Found a runed translucent door.
  1053 | D:2      | Noticed Crazy Yiuf
  1053 | D:2      | Noticed Natasha
  1160 | D:2      | Reached skill level 1 in Dodging
  2020 | D:2      | Slain by Crazy Yiuf

Illustrated notes

Levels and vault maps discovered:
D:1:      psy_arrival_basics, layout_loops_cross, ebering_ecumenical_altar_box,
          minmay_split_cup_large
D:2:      layout_loops_ring, uniq_crazy_yiuf_cottage, uniq_natasha

Skill      XL: |  1  2  3 |
---------------+----------+-----
Axes           | 2 |  2.2
Armour         | 3 |  3.2
Dodging        | 1 |  1.3
Fighting       | |  3.8
Invocations    | |  2.0

Action                   || total
-------------------------++-------
Melee: Hand axe          ||   120
       Punch             ||     3
Invok: Depart the Abyss  ||     1
  Use: Scroll            ||     3
       Potion            ||     1
Armor: Ring mail         ||    96
       Leather armour    ||     2
Dodge: Dodged            ||    97
Block: Kite shield       ||     2

Table legend: (Time is in decaauts)
 A = Elapsed time spent in this place.
 B = Non-inter-level travel time spent in this place.
 C = Inter-level travel time spent in this place.
 D = Time resting spent in this place.
 E = Time spent auto-exploring this place.
 F = Levels seen in this place.
 G = Mean time per level.
                   A        B        C        D        E       F      G
               +--------+--------+--------+--------+--------+-----+--------+
         Total |   2045 |   2003 |     42 |      0 |   1573 |   3 |  681.7 |
       Dungeon |   2041 |   1999 |     42 |      0 |   1571 |   2 | 1020.5 |
         Abyss |      4 |      4 |      0 |      0 |      2 |   1 |    4.0 |
               +--------+--------+--------+--------+--------+-----+--------+

Top non-repeatable levels by time:
     D:1: 1031 daAuts
     D:2: 1009 daAuts
 Abyss:1: 4 daAuts
